 Dungeon Crawl Stone Soup version 0.30.0-18-gc0e69614cb (webtiles) character file.

Game seed: 16645823986562031251

252 Cheops the Digger (level 5, -2/40 HPs)
             Began as an Armataur Earth Elementalist on May 25, 2023.
             Slain by a scorpion (4 damage)
             ... on level 4 of the Dungeon.
             The game lasted 00:10:23 (3425 turns).

Cheops the Digger (Armataur Earth Elementalist)     Turns: 3425, Time: 00:10:25

Health: -2/40      AC:  4    Str: 13    XL:     5   Next: 89%
Magic:  16/17      EV:  9    Int: 17    God:
Gold:   192        SH:  0    Dex: 11    Spells: 2/8 levels left

rFire   . . .        a - +3 dagger
rCold   . . .        (no shield)
rNeg    . . .        d - +0 robe
rPois   .            (no helmet)
rElec   .            (no cloak)
rCorr   .            (no gloves)
SInv    .            (no barding)
Will    .....        q - amulet of magic regeneration
Stlth   ++           k - ring of magical power
HPRegen 0.26/turn    (no ring)
MPRegen 0.55/turn

%: roll
@: lethally poisoned (-2 -> -19)
A: large, rugged brown scales 3, deformed body, armoured tail, roll, long
tongue, awkward tongue
a: no special abilities


You were on level 4 of the Dungeon.
You visited 1 branch of the dungeon, and saw 4 of its levels.

You collected 192 gold pieces.

Inventory:

Hand Weapons
 a - a +3 dagger (weapon)
 b - a +1 short sword of flaming
 e - a +0 dagger
Armour
 d - a +0 robe (worn)
Jewellery
 k - a ring of magical power (left hand)
 q - an amulet of magic regeneration (around neck)
Wands
 o - a wand of paralysis (18)
 p - a wand of acid (12)
Scrolls
 f - 3 scrolls of identify {unknown}
 i - 2 scrolls of teleportation {unknown}
 j - a scroll of vulnerability {unknown}
 l - a scroll of brand weapon {unknown}
 n - a scroll of noise {unknown}
 t - a scroll of enchant armour {unknown}
Potions
 c - a potion of might {unknown}
 g - 2 potions of attraction {unknown}
 h - 3 potions of curing {unknown}
 m - a potion of flight {unknown}
 r - 2 potions of mutation {unknown}
 s - a potion of magic


   Skills:
 - Level 1.3 Dodging
 + Level 4.5 Stealth
 - Level 2.0 Spellcasting
 * Level 1.0 Conjurations
 - Level 0.8 Transmutations
 - Level 5.0 Earth Magic


You had 2 spell levels left.
You knew the following spells:

 Your Spells              Type           Power      Damage    Failure   Level
a - Sandblast             Erth           36%        2d10      2%          1
b - Stone Arrow           Conj/Erth      22%        3d8       17%         3
P - Passwall              Tmut/Erth      9%         N/A       9%          2

Your spell library contained the following spells:

 Spells                   Type           Power      Damage    Failure   Level
 Petrify                  Tmut/Erth      11%        N/A       50%         4


Dungeon Overview and Level Annotations

Branches:
Dungeon (4/15)
 Temple: D:4-7

Altars:

Annotations:
D:4 2 runed translucent doors, Loveship's ghost, novice HOFi


Innate Abilities, Weirdness & Mutations

You are completely covered in rugged brown scales. (AC +3, +7% HP)
Armour fits poorly on your strangely shaped body.
You have a long armoured tail.
You roll when moving toward enemies. (Rampage)
Your long tongue fully drains potion bottles. (2x potion effects)
Your tongue gives you trouble enunciating. (1.5x scroll delay)


Message History

The scorpion stings you.
You are poisoned.
The scorpion poisons you!
The scorpion stings you but does no damage.
Casting: Sandblast (safe; 2% risk of failure)
Confirm with . or Enter, or press ? or * to list all spells.
Aiming: Sandblast (safe; 2% risk of failure)
Press: ? - help, Shift-Dir - straight line, f/p - scorpion
Aim: a scorpion (heavily wounded, 82% to hit)
The blast of sand hits the scorpion but does no damage.
The scorpion is heavily wounded.
You feel very sick. The scorpion closely misses you. The scorpion stings you.
* * * LOW HITPOINT WARNING * * *
You are more poisoned.
The scorpion poisons you!
Casting: Sandblast (safe; 2% risk of failure)
Confirm with . or Enter, or press ? or * to list all spells.
Aiming: Sandblast (safe; 2% risk of failure)
Press: ? - help, Shift-Dir - straight line, f/p - scorpion
Aim: a scorpion (heavily wounded, 82% to hit)
The blast of sand hits the scorpion but does no damage.
The scorpion is heavily wounded.
* * * LOW HITPOINT WARNING * * *
You feel very sick. The scorpion stings you.
* * * LOW HITPOINT WARNING * * *
You are more poisoned.
The scorpion poisons you! The scorpion completely misses you.
Casting: Sandblast (safe; 2% risk of failure)
Confirm with . or Enter, or press ? or * to list all spells.
Aiming: Sandblast (safe; 2% risk of failure)
Press: ? - help, Shift-Dir - straight line, f/p - scorpion
Aim: a scorpion (heavily wounded, 82% to hit)
The blast of sand hits the scorpion!
The scorpion is almost dead.
* * * LOW HITPOINT WARNING * * *
You feel extremely sick. The scorpion stings you.
You die...

#..........#.....#......
##..........#.....#......
#.....#######.....##.##.#
#######........#####.##.#
#........#.........
#........#.........
#......(.#.........
###........#'###'####
#...@#######.###..###
#...s#.......#.....'.
#....#.......#.....#.
#....#..##...##...##.
#....#..##...##...##.
.....#..#....#....##.
......#..#....+.......
.......#..#............
#+###...#..#.###


You could see a scorpion.

Vanquished Creatures
  A scorpion (D:4)
  2 hounds (D:4)
  Jessica (D:3)
  4 adders
  A worm (D:2)
  A dart slug (D:1)
  2 endoplasms
  A giant cockroach (D:2)
  5 goblins
  9 hobgoblins
  10 jackals
  7 kobolds
  3 quokkas
  8 ball pythons
  4 bats (D:1)
  2 frilled lizards (D:1)
  2 rats
63 creatures vanquished.

Notes
Turn   | Place    | Note
-------+----------+-------------------------------------------
     0 | D:1      | Cheops the Armataur Earth Elementalist began the quest for
                  | the Orb.
     0 | D:1      | Reached XP level 1. HP: 14/14 MP: 3/3
   212 | D:1      | Found a faded altar of an unknown god.
   342 | D:1      | Reached skill level 3 in Earth Magic
   342 | D:1      | Reached XP level 2. HP: 14/21 MP: 0/5
   366 | D:1      | Learned a level 2 spell: Passwall
  1058 | D:2      | Reached XP level 3. HP: 26/27 MP: 2/6
  1064 | D:2      | Learned a level 3 spell: Stone Arrow
  2129 | D:2      | Reached XP level 4. HP: 35/35 MP: 5/7
  2380 | D:3      | Noticed Jessica
  2383 | D:3      | Killed Jessica
  2384 | D:3      | Reached skill level 4 in Earth Magic
  2590 | D:3      | You fall into a shaft and drop 1 floor!
  2700 | D:4      | Noticed a scorpion
  2703 | D:4      | Killed a scorpion
  2704 | D:4      | Reached XP level 5. HP: 40/40 MP: 5/8
  2745 | D:4      | Found a runed translucent door.
  2753 | D:4      | Noticed Loveship's ghost (novice HOFi)
  3290 | D:4      | Found a runed translucent door.
  3299 | D:4      | Reached skill level 5 in Earth Magic
  3422 | D:4      | Reached skill level 1 in Conjurations
  3425 | D:4      | HP: 2/40 [poisoned by a scorpion]
  3425 | D:4      | Slain by a scorpion

Illustrated notes

Levels and vault maps discovered:
D:1:      dpeg_arrival_snail, layout_basic, shapermc_ecumenical_altar_venn,
          hangedman_feature_mirror, minmay_misc_feat_room, st_stairs_11,
          minmay_misc_feat_enclosed, chequers_jeans
D:2:      minmay_inner_zag, layout_basic
D:3:      layout_basic, minivault_24, uniq_jessica
D:4:      layout_gridville, ebering_ghost_sewer_f, minmay_misc_feat_diagonals

Skill      XL: |  1  2  3  4  5 |
---------------+----------------+-----
Spellcasting   | 2 |  2.0
Earth Magic    | 3 4 5 |  5.0
Stealth        | 3 4 |  4.5
Conjurations   | 1 |  1.0
Dodging        | |  1.3
Transmutations | |  0.8

Action                     |  1- 3 |  4- 6 || total
---------------------------+-------+-------++-------
  Melee: Unarmed           |    23 |       ||    23
         Tailslap          |     3 |       ||     3
         Dagger            |     6 |       ||     6
   Cast: Sandblast         |    53 |    43 ||    96
 Armour: Robe              |    21 |     9 ||    30
  Dodge: Dodged            |    23 |    12 ||    35
